[Event "new tournament description"]
[Site "France"]
[Date "2018.12.28"]
[Round "1.1"]
[White "GOZZOLI"]
[Black "FLOUREUX"]
[Result "1-0"]
[TimeControl "15min+3sec"]
[WhiteElo "2582"]
[BlackElo "1590"]

1. d4 Nf6 2. c4 g6 3. Nc3 Bg7 4. Nf3 O-O 5. Bg5 d6 6. e3 Nbd7 7. Be2 c5 8. d5 a6 9. a4 h6 10.
Bh4 g5 11. Bg3 Nh5 12. Qc2 Ndf6 13. Nd2 Nxg3 14. hxg3 Bd7 15. e4 e5 16. Nf1 Rb8 17. Ne3 Qc8 18. f3 Ne8 19. a5 f5 20.
exf5 Bxf5 21. Nxf5 Qxf5 22. Qxf5 Rxf5 23. Ne4 Kf7 24. Bd3 b5 25. axb6 Rxb6 26. Ra2 Rb3 27. Bc2 Rb4 28. b3 Rb6 29.
Kd2 g4 30. fxg4 Rf6 31. Nxf6 Kxf6 32. Rha1 Nc7 33. Rf1+ Ke7 34. Bg6 Bf6 35. Rf3 Rb8 36. Kd1 Rf8 37. Raf2 Na8 38. Kc2 Nb6 39.
Kd3 Nd7 40. Ke4 Rg8 41. Bf5 Nf8 42. Ra2 Ng6 43. Rxa6 Rg7 44. Ra7+ Kf8 45. Bxg6 Rxg6 46. g5 hxg5 47. Kf5 Rg7 48. Rxg7 Kxg7 49. Ke6 Bd8 50. Kxd6 e4 51. Re3 Ba5 52. Rxe4 Bb4 53. g4 1-0

[Event "new tournament description"]
[Site "France"]
[Date "2018.12.28"]
[Round "1.2"]
[White "IINO JUBIN"]
[Black "GULIYEV"]
[Result "0-1"]
[TimeControl "15min+3sec"]
[WhiteElo "1590"]
[BlackElo "2563"]

1. e4 c5 2. d4 cxd4 3. c3 dxc3 4. Nxc3 d6 5. Bc4 Nc6 6. Nf3 Nf6 7. e5 Nd7 8. exd6 e6 9. Nb5 Nb6 10.
Nc7+ Kd7 11. Bb3 Bxd6 12. Nxa8 Nxa8 13. O-O Kc7 14. Be3 Kb8 15. Qe2 Nc7 16. Rfd1 Qe7 17. Nd4 Nxd4 18. Bxd4 e5 19.
Be3 f5 20. Rac1 f4 21. Bd2 e4 22. Ba5 f3 23. Bxc7+ Bxc7 24. Qc2 Qe5 25. g3 e3 26. fxe3 Bb6 27. Re1 Bxe3+ 28. Kf1 Bh3+ 29.
Qg2 Bxg2# 0-1

[ePGN "0.1;DGT LiveChess/2.2.3"]

[Event "new tournament description"]
[Site "France"]
[Date "2018.12.28"]
[Round "2.1"]
[White "SCHNEIDER"]
[Black "GOZZOLI"]
[Result "0-1"]
[TimeControl "15min+3sec"]
[WhiteElo "1910"]
[BlackElo "2582"]

1. e4 Nf6 2. e5 Nd5 3.
d4 d6 4. c4 Nb6 5. exd6 cxd6 6.
Nf3 g6 7. b3 Bg7 8. Bb2 O-O 9. Be2 Bg4 10. O-O d5 11. c5 N6d7 12. Nc3 e6 13. Qd2 Nc6 14. Nb5 b6 15. cxb6 Qxb6 16.
Ba3 Bxf3 17. gxf3 Rfd8 18. Bd6 Nxd4 19. Bc7 Qxb5 20. Bxb5 Nxf3+ 21. Kg2 Nxd2 22. Bxd8 Nxf1 23. Rxf1 Rxd8 0-1

[Event "new tournament description"]
[Site "France"]
[Date "2018.12.28"]
[Round "2.2"]
[White "GULIYEV"]
[Black "MISSLIN"]
[Result "1-0"]
[TimeControl "15min+3sec"]
[WhiteElo "2563"]
[BlackElo "1910"]

1. e4 d5 2. exd5 Nf6 3. d4 Bg4 4. f3 Bf5 5. Bb5+ Nbd7 6. c4 a6 7. Ba4 e6 8. dxe6 Bxe6 9. d5 Bf5 10. Nc3 Bc5 11. Qe2+ Qe7 12. Bf4 O-O-O 13. Qxe7 Bxe7 14. O-O-O Nc5 15. Bc2 Bxc2 16. Kxc2 Nh5 17. Nge2 Rhe8 18. Rhe1 Nxf4 19. Nxf4 Bg5 20. Nd3 Nxd3 21.
Kxd3 Bf6 22. Re4 Re6 23. Rde1 Red6 24. Re8 Bxc3 25. Kxc3 Rg6 26. g3 Rh6 27. R8e7 Rd7 28. h4 Rf6 29.
Re8+ Rd8 30. Rxd8+ Kxd8 31. Re3 Kd7 32. Kd4 c6 33. dxc6+ Kxc6 34. f4 Rd6+ 35. Kc3 b5 36. cxb5+ axb5 37.
a3 Rd1 38. Rd3 Re1 39. Kd4 Re6 40. Rc3+ Kb6 41. f5 Rd6+ 42. Ke5 Rd2 43. b4 f6+ 44. Ke6 Rf2 45. Rd3 g6 46. g4 Rf4 47.
Rd6+ Kc7 48. Rd7+ Kb6 49. Rxh7 Rxg4 50. Kxf6 gxf5 51. Kxf5 Rg3 52. Rh6+ Kb7 53. Rg6 Rxa3 54. Rg4 Rh3 55.
Kg5 Kc6 56. h5 Rc3 57. h6 Rc4 58. h7 Kd5 1-0

[ePGN "0.1;DGT LiveChess/2.2.3"]

[Event "new tournament description"]
[Site "France"]
[Date "2018.12.28"]
[Round "3.1"]
[White "GOZZOLI"]
[Black "ENGELMANN"]
[Result "1-0"]
[TimeControl "15min+3sec"]
[WhiteElo "2582"]
[BlackElo "1966"]

1. d4 Nf6 2. c4 g6 3. Nc3 Bg7 4. e4 d6 5. Nf3 O-O 6. Be2 e5 7. O-O Nc6 8. d5 Ne7 9. Nh4 Nd7 10. g3 a5 11. Be3 f5 12. exf5 gxf5 13.
f4 Ng6 14. Ng2 Nf6 15. h3 Kh8 16. Kh2 Rg8 17. Bd3 e4 18. Be2 Bd7 19. Rc1 b6 20. Bd4 Ne7 21. Qd2 Be8 22. Nd1 Bg6 23.
Nde3 Qf8 24. g4 Nd7 25. g5 Bxd4 26. Qxd4+ Qg7 27. Nc2 Nc5 28. h4 Qxd4 29. Nxd4 h5 30. Ne3 Rgf8 31. b3 Kg7 32. Kg2 Ra7 33.
Kf2 Raa8 34. Ke1 Ra7 35. Kd2 Raa8 36. Ra1 Be8 37. a3 Bd7 38. b4 axb4 39. axb4 Nb7 40. Kc3 Kg6 41. Rh1 c5 42. dxc6 Bxc6 43.
Nxc6 Nxc6 44. Rhd1 Rfc8 45. Nd5 Rxa1 46. Rxa1 b5 47.
cxb5 Ne7+ 48. Kd4 Nxd5 49. Kxd5 Rc2 50. Bd1 Rd2+ 51. Kc6 Nd8+ 52. Kd7 Nf7 53.
b6 1-0

[Event "new tournament description"]
[Site "France"]
[Date "2018.12.28"]
[Round "3.2"]
[White "LAFOND"]
[Black "GULIYEV"]
[Result "0-1"]
[TimeControl "15min+3sec"]
[WhiteElo "1970"]
[BlackElo "2563"]

1. e4 c5 2. Nf3 d6 3. d4 cxd4 4. Nxd4 Nf6 5. Nc3 a6 6. Be2 e6 7. a4 b6 8. f4 Bb7 9. Bf3 Qc7 10.
O-O Be7 11. Kh1 Nc6 12. Nb3 O-O 13. g4 Nd7 14. g5 Rfe8 15. Qe1 Bf8 16. Qh4 Nc5 17. Be3 g6 18. Rae1 Nb4 19. Re2 Rac8 20.
Bd4 Nxb3 21. cxb3 e5 22. fxe5 dxe5 23. Be3 Nd3 24. Nd5 Bxd5 25. exd5 Nf4 26. Ref2 Bc5 27. Bxc5 Qxc5 28. Be4 Qd4 29.
Rxf4 exf4 30. Rxf4 Rc1+ 31. Kg2 Rg1+ 32. Kh3 Rxe4 0-1

[ePGN "0.1;DGT LiveChess/2.2.3"]

[Event "new tournament description"]
[Site "France"]
[Date "2018.12.28"]
[Round "4.1"]
[White "MOINGT A"]
[Black "GOZZOLI"]
[Result "0-1"]
[TimeControl "15min+3sec"]
[WhiteElo "2151"]
[BlackElo "2582"]

1. e4 e5 2. Nf3 Nc6 3.
Bb5 a6 4. Ba4 Nf6 5. O-O Be7 6. Re1 b5 7. Bb3 O-O 8. a4 b4 9. d3 d6 10. a5 Be6 11. Nbd2 h6 12. Nc4 Rb8 13. Bd2 Nd7 14. c3 Nc5 15.
Bc2 Rb5 16. Ne3 bxc3 17. Bxc3 Nb3 18. Rb1 Ncd4 19. Nd5 Nxc2 20. Nxe7+ Qxe7 21. Qxc2 c5 22. Nd2 Nd4 23. Qd1 Rfb8 24.
Nc4 Bxc4 25. dxc4 Rb3 26. f4 Qe6 27. f5 Qxc4 28. f6 g6 29. Qg4 Kh7 30. Qd7 Qe6 31. Qa7 R8b7 32. Qxa6 Qxf6 33. Rf1 Qe6 34. Rbd1 Kg7 35. Rf2 d5 36. exd5 Qxa6 0-1

[Event "new tournament description"]
[Site "France"]
[Date "2018.12.28"]
[Round "4.2"]
[White "GULIYEV"]
[Black "BRIET"]
[Result "1-0"]
[TimeControl "15min+3sec"]
[WhiteElo "2563"]
[BlackElo "2261"]

1. e4 c5 2. Nf3 e6 3. d4 cxd4 4. Nxd4 a6 5. Bd3 Bc5 6. Nb3 Be7 7. c4 d6 8. Nc3 Nf6 9. O-O O-O 10.
Be3 Nbd7 11. Nd4 Qc7 12. Rc1 b6 13. f4 Re8 14. Qf3 Bb7 15. Kh1 Bf8 16. b3 e5 17. Nd5 Qd8 18. fxe5 Bxd5 19.
exf6 Ne5 20. Qg3 g6 21. cxd5 Nxd3 22. Ne6 Qb8 23. Rc3 Nc5 24. Nxf8 Rxf8 25. Bxc5 dxc5 26. Qg5 1-0

[ePGN "0.1;DGT LiveChess/2.2.3"]

[Event "new tournament description"]
[Site "France"]
[Date "2018.12.28"]
[Round "5.1"]
[White "GOZZOLI"]
[Black "LERCH"]
[Result "0-1"]
[TimeControl "15min+3sec"]
[WhiteElo "2582"]
[BlackElo "2420"]

1. d4 Nf6 2. Nf3 e6 3. Bg5 h6 4.
Bxf6 Qxf6 5. e4 Nc6 6.
c3 e5 7.
Bb5 exd4 8. cxd4 Bb4+ 9. Nc3 a6 10. Bc4 d6 11. O-O Bxc3 12. bxc3 Bg4 13. Rb1 Bxf3 14. Qxf3 Qxf3 15. gxf3 Nd8 16.
f4 b5 17. Bb3 Ne6 18. f5 Nf4 19. Rfe1 g6 20. f6 O-O 21. h4 c5 22. Re3 Rfe8 23. Kh2 c4 24. Bc2 Re6 25. a4 Rb8 26. axb5 Rxb5 27. Rf3 Nh5 28.
Ra1 Rb2 29. Bd1 Nxf6 30. Rxa6 Nxe4 31.
Kg2 d5 32. Ra8+ Kg7 33. Rd8 Rd2 34.
Ba4 Rf6 35. Rxf6 Kxf6 36. Rxd5 Nxc3 37. Rd6+ Kg7 38. Bc6 Nd1 39. Ba4 Ne3+ 40. Kf3 Nf5 41. Rd7 Rxd4 42. Rc7 Nxh4+ 43. Ke2 Nf5 44. Bc2 Nd6 45. Ke3 Rd5 46.
Ba4 Kf6 47. Bc6 Rc5 48. Kd4 Nb5+ 49. Kxc5 Nxc7 50. Kxc4 Ke5 51. Kd3 Kf4 52. Ke2 f5 53. Kf1 Ne6 54. Kg2 g5 55. Be8 g4 56. Bf7 Nd4 57. Be8 Kg5 58. Bf7 h5 59. Be8 h4 60. Bf7 h3+ 61. Kh2 Kf4 62. Bd5 Kg5 63. Bb7 Kh4 64. Ba8 f4 65. Be4 g3+ 66. fxg3+ fxg3+ 67. Kh1 Ne2 68. Bf3 Nf4 69. Bb7 Kg5 70. Bc8 g2+ 71. Kh2 Ne2 0-1

[Event "new tournament description"]
[Site "France"]
[Date "2018.12.28"]
[Round "5.2"]
[White "VATTER"]
[Black "GULIYEV"]
[Result "0-1"]
[TimeControl "15min+3sec"]
[WhiteElo "2354"]
[BlackElo "2563"]

1. e4 c5 2. Nf3 d6 3. Bb5+ Nc6 4.
O-O Bd7 5. c3 Nf6 6. Re1 a6 7.
Bxc6 Bxc6 8. e5 dxe5 9. Nxe5 Rc8 10. Nxc6 Rxc6 11. Na3 e6 12. Nc2 Be7 13. d4 O-O 14. Bg5 h6 15. Bxf6 Bxf6 16.
dxc5 Rxc5 17. Ne3 Qc7 18. Qf3 b5 19. Rad1 a5 20. Rd2 b4 21. cxb4 axb4 22. Red1 Qa5 23. b3 Bc3 24. Nc4 Qa8 25.
Qxa8 Rxa8 26. Rd8+ Rxd8 27. Rxd8+ Kh7 28. Kf1 Rc7 29.
Ra8 g5 30. Ke2 h5 31. h3 h4 32. Ra6 Kg6 33. f3 Kf5 34. Ke3 Rd7 35. Nd6+ Kg6 36. Ne4 Be5 37. Ra4 Bf4+ 38. Ke2 f5 39.
Nc5 Rd2+ 40. Kf1 Kf6 41. Rxb4 Bg3 42. Rb6 Rf2+ 43. Kg1 Re2 44. Nd3 Re3 0-1

[ePGN "0.1;DGT LiveChess/2.2.3"]

[Event "new tournament description"]
[Site "France"]
[Date "2018.12.28"]
[Round "6.1"]
[White "GULIYEV"]
[Black "DAESCHLER"]
[Result "1-0"]
[TimeControl "15min+3sec"]
[WhiteElo "2563"]
[BlackElo "2084"]

1. e4 e5 2. Nf3 Nc6 3. Bb5 a6 4.
Ba4 Nf6 5. O-O Be7 6. Re1 b5 7.
Bb3 d6 8. c3 O-O 9. d4 Bg4 10. Be3 exd4 11. cxd4 d5 12. e5 Ne4 13. h3 Bh5 14. Nc3 Nxc3 15. bxc3 Na5 16. Bc2 Bg6 17. Bxg6 hxg6 18. a4 Nc4 19.
axb5 axb5 20. Rxa8 Qxa8 21. Bg5 Ba3 22. Qd3 Qe8 23. Re2 Qe6 24. g4 Ra8 25. Kg2 b4 26. cxb4 Bxb4 27. Qb3 Bf8 28.
Qb7 Ra3 29. Qxc7 f5 30. Nh2 Kh7 31. Qb8 Bd6 32. Qb1 fxg4 33. hxg4 Bc7 34. Ra2 Rc3 35. Qh1 Kg8 36. Ra8+ Kf7 37.
Ra7 Qb6 38. Qa1 Rc2 39. e6+ Kg8 40. e7 Qe6 41. Ra8+ Kh7 1-0

[Event "new tournament description"]
[Site "France"]
[Date "2018.12.28"]
[Round "6.2"]
[White "LERCH"]
[Black "BELLAHCENE"]
[Result "1/2-1/2"]
[TimeControl "15min+3sec"]
[WhiteElo "2420"]
[BlackElo "2472"]

1. e4 e5 2. Bc4 Nf6 3. d3 Nc6 4. Nf3 h6 5. O-O d6 6. Nc3 g5 7. Nd5 Bg7 8. c3 g4 9. Ne1 Nxd5 10. Bxd5 Qe7 11. f4 exf4 12.
Bxf4 Bd7 13. Nc2 h5 14. Bg3 Nd8 15. Ne3 h4 16. Bf4 g3 17. Qf3 gxh2+ 18. Bxh2 h3 19. g4 Be5 20. d4 Bxh2+ 21. Kxh2 Rh7 22. g5 Ne6 23.
Bxe6 fxe6 24. e5 O-O-O 25. g6 Rg7 26.
Qf6 dxe5 27. Qxe7 Rxe7 28. dxe5 Rg7 29. Rf6 Rdg8 30. Rg1 Kd8 31. Kxh3 Ke7 32. Nc2 c5 33. Ne1 Rh8+ 34. Kg3 Rh6 35. Kf2 Be8 36. Nd3 Rgxg6 37. Rfxg6 Bxg6 38. Nxc5 b6 39. Nb3 Be4 40. Ke3 Bd5 41.
Rg7+ Kd8 42. Rxa7 Rh3+ 43. Kd2 Rh2+ 44. Kc1 Rh1+ 45. Kc2 Re1 46. Nd2 Rxe5 47.
c4 Bc6 48. b4 Rh5 49. a4 e5 50.
b5 Bd7 51. Rb7 Bf5+ 52. Kc3 Rh3+ 53.
Kb4 Rd3 54. Rxb6 Rxd2 55. a5 e4 56. Rf6 Bc8 57. Rf8+ Kc7 58. c5 Rb2+ 59. Ka4 Bd7 60. c6 Bxc6 61. bxc6 Kxc6 62. Re8 Kd5 63.
a6 Kc5 64. a7 Ra2+ 65. Kb3 1/2-1/2

[ePGN "0.1;DGT LiveChess/2.2.3"]

[Event "new tournament description"]
[Site "France"]
[Date "2018.12.28"]
[Round "7.2"]
[White "VATTER"]
[Black "LERCH"]
[Result "1/2-1/2"]
[TimeControl "15min+3sec"]
[WhiteElo "2354"]
[BlackElo "2420"]

1. d4 Nf6 2. Bg5 e6 3. Nd2 h6 4. Bh4 c5 5. e3 Be7 6. c3 b6 7. Ngf3 Bb7 8. Bd3 O-O 9. Qe2 cxd4 10.
cxd4 d6 11. O-O Nc6 12. a3 Rc8 13. Rac1 Rc7 14. Bb1 Nh5 15. Bxe7 Qxe7 16. Rc3 Nf6 17. e4 e5 18. d5 Nb8 19.
Rfc1 Rfc8 20. Qd3 Qd8 21. h3 Ba6 22. Qe3 Nbd7 23. b4 Ne8 24. g3 Rxc3 25. Rxc3 Rxc3 26. Qxc3 Qc7 27. Qb2 Ndf6 28. Bc2 Bb5 29. Kg2 Nh7 30. Ne1 Qc8 31. Bd1 Bd7 32. h4 Nhf6 33.
Be2 Qc7 34. Nc2 Kh7 35. Ne3 g6 36. Bd3 Nh5 37. Be2 Nhg7 38. Bd3 Kg8 39. Be2 Kh7 40. Bd3 Kg8 41. Be2 Kh7 1/2-1/2

[ePGN "0.1;DGT LiveChess/2.2.3"]

[Event "new tournament description"]
[Site "France"]
[Date "2018.12.28"]
[Round "8.1"]
[White "GULIYEV"]
[Black "GOZZOLI"]
[Result "0-1"]
[TimeControl "15min+3sec"]
[WhiteElo "2563"]
[BlackElo "2582"]

1. e4 e5 2. Nf3 Nc6 3. Nc3 Nf6 4. d4 exd4 5. Nxd4 Bb4 6. Nxc6 bxc6 7.
Bd3 d5 8. exd5 O-O 9. O-O cxd5 10.
Bg5 c6 11. h3 h6 12. Bh4 Bd6 13. Qf3 Rb8 14. Rab1 Re8 15. Bxf6 Qxf6 16. Qxf6 gxf6 17. b3 Kg7 18. Ne2 c5 19.
c4 d4 20. Ng3 Bxg3 21. fxg3 Re5 22. g4 a5 23. Rf3 a4 24. bxa4 Ra8 25. Bc2 Be6 26. Bb3 Bd7 27. Rbf1 Ra6 28.
Kh2 Bc8 29. R1f2 Bb7 30. Rf5 Bc8 31. R5f3 Re7 32. Bd1 Bd7 33. Bb3 Bxa4 34. Rf5 Rc7 35. Bxa4 Rxa4 36. Rc2 Ra3 37. Kg1 Rc6 38. Rd5 Kg6 39. Kf1 Ra5 40.
Rb2 Re6 41. Kf2 Re3 42. Rc2 Rea3 43. Ke1 Kg7 44. Kd1 Re3 45. Kc1 Kf8 46. Rh5 Kg7 47. Rd5 Re5 48. Kb2 Ra4 49. a3 Ra5 50.
Rxe5 fxe5 51. Re2 Kf6 52. Kb3 Ke6 53. a4 Ra8 54. Ka3 d3 55. Re1 d2 56. Rd1 Rd8 57. a5 e4 58. a6 e3 59. a7 Ra8 60. Kb3 Rxa7 61. Kc2 Rd7 0-1

[Event "new tournament description"]
[Site "France"]
[Date "2018.12.28"]
[Round "8.2"]
[White "BRIET"]
[Black "BELLAHCENE"]
[Result "0-1"]
[TimeControl "15min+3sec"]
[WhiteElo "2261"]
[BlackElo "2472"]

1. e4 c5 2. Nf3 d6 3. d4 cxd4 4.
Nxd4 Nf6 5. Nc3 a6 6. Be3 Ng4 7.
Bc1 Nf6 8. Be3 e5 9. Nb3 Be6 10. f3 Nbd7 11. g4 b5 12. g5 b4 13. Nd5 Nxd5 14. exd5 Bf5 15. Bd3 Bxd3 16. Qxd3 Be7 17. h4 O-O 18.
O-O-O a5 19. Kb1 f6 20. g6 f5 21.
gxh7+ Kh8 22. h5 a4 23. Nd2 Qe8 24. Rdg1 Qf7 25. Rg6 e4 26. Qe2 Ne5 27. Re6 b3 28. cxb3 axb3 29. a3 exf3 30. Nxf3 f4 31. Bd4 Qf5+ 32.
Ka1 Nxf3 33. Bxg7+ Kxg7 34. Rxe7+ Kh8 35. Qxf3 Rxa3+ 36. bxa3 Qc2 0-1

[ePGN "0.1;DGT LiveChess/2.2.3"]

[Event "new tournament description"]
[Site "France"]
[Date "2018.12.28"]
[Round "9.1"]
[White "GOZZOLI"]
[Black "BELLAHCENE"]
[Result "1/2-1/2"]
[TimeControl "15min+3sec"]
[WhiteElo "2582"]
[BlackElo "2472"]

1. d4 Nf6 2. Nf3 e6 3. Bg5 d5 4. e3 Nbd7 5. Bd3 h6 6.
Bh4 g5 7. Bg3 Nh5 8. Nbd2 Nxg3 9. hxg3 Bg7 10. c3 c5 11. a3 a6 12.
b4 b6 13. g4 Qc7 14. Rc1 Bb7 15. O-O O-O 16. Qe2 c4 1/2-1/2

[Event "new tournament description"]
[Site "France"]
[Date "2018.12.28"]
[Round "9.2"]
[White "DAESCHLER"]
[Black "LERCH"]
[Result "1/2-1/2"]
[TimeControl "15min+3sec"]
[WhiteElo "2084"]
[BlackElo "2420"]

1. d4 Nf6 2. c4 e6 3. g3 Be7 4. Bg2 d5 5. Nf3 O-O 6.
O-O dxc4 7. Qc2 a6 8. a4 Nc6 9. Qxc4 Qd5 10. Nbd2 Rd8 11. e3 Qh5 12. h3 Bd7 13. Qe2 Nd5 14. Nb3 Be8 15.
e4 Ndb4 16. Bf4 Bd6 17. Be3 f6 18. Rac1 Qf7 19. Nc5 Rab8 20. Rfd1 a5 21. h4 b6 22. Nxe6 Qxe6 23. d5 Qe7 24.
dxc6 Bf7 25. Nd4 Qe8 26. Nf5 Bf8 27. Qg4 Bh5 28. Rxd8 Rxd8 29. Qf4 Rc8 30. Bf1 Bf7 31. Bd4 Nxc6 32.
Nh6+ gxh6 33. Qg4+ Bg6 34. Bb5 h5 35. Qh3 Nxd4 36. Bxe8 Rxe8 37. Rxc7 Bxe4 38. Qd7 Nf3+ 39. Kf1 Re7 40. Qd8 Nh2+ 41. Kg1 Nf3+ 42. Kf1 1/2-1/2